 Dungeon Crawl Stone Soup version 0.28-a0-533-g9f97627e2a (webtiles) character file.

Game seed: 10440930920439385330

42 jbcfe the Digger (level 3, 0/19 HPs)
             Began as a Gargoyle Earth Elementalist on Sept 26, 2021.
             Slain by Terence (10 damage)
             ... on level 2 of the Dungeon.
             The game lasted 00:04:13 (2205 turns).

jbcfe the Digger (Gargoyle Earth Elementalist)      Turns: 2205, Time: 00:04:14

Health: 0/19       AC:  6    Str: 11    XL:     3   Next: 56%
Magic:  3/7        EV: 11    Int: 16    God:
Gold:   71         SH:  0    Dex: 10    Spells: 3/7 levels left

rFire   . . .      SeeInvis .   e - +1 rapier
rCold   . . .      Faith    .   (no shield)
rNeg    + . .      Spirit   .   b - +0 robe
rPois   ∞          Reflect  .   k - +0 helmet
rElec   +          Harm     .   (no cloak)
rCorr   .          Rampage  .   (no gloves)
Will    .....                   (no boots)
Stlth   ++........              (no amulet)
HPRegen 0.06/turn               (no ring)
MPRegen 0.10/turn               (no ring)

@: very slightly contaminated
A: sickness immunity, AC +3, negative energy resistance 1, electricity
resistance, torment resistance 1, petrification resistance
a: no special abilities


You were on level 2 of the Dungeon.
You visited 1 branch of the dungeon, and saw 3 of its levels.

You collected 126 gold pieces.
You spent 55 gold pieces at shops.

Inventory:

Hand Weapons
 d - a +0 great mace
 e - a +1 rapier (weapon)
Missiles
 c - 45 stones
Armour
 b - a +0 robe (worn)
 i - a +0 hat
 k - a +0 helmet (worn)
Scrolls
 l - a scroll of identify {unknown}
Potions
 a - a potion of curing {unknown}
 f - 2 potions of heal wounds
 g - a potion of brilliance {unknown}
 h - a potion of mutation {unknown}
 j - 2 potions of cancellation {unknown}


   Skills:
 - Level 1.5 Dodging
 - Level 2.1 Stealth
 + Level 2.8 Spellcasting
 + Level 0.7 Conjurations
 - Level 0.7 Transmutations
 + Level 4.5 Earth Magic


You had 3 spell levels left.
You knew the following spells:

 Your Spells              Type           Power      Damage    Failure   Level
a - Sandblast             Erth           32%        2d9       3%          1
b - Stone Arrow           Conj/Erth      20%        3d8       21%         3

Your spell library contained the following spells:

 Spells                   Type           Power      Damage    Failure   Level
 Passwall                 Tmut/Erth      8%         N/A       10%         2
 Petrify                  Tmut/Erth      10%        N/A       54%         4


Dungeon Overview and Level Annotations

Branches:
Dungeon (3/15)

Altars:

Shops:
D:1 !

Annotations:
D:2 Terence


Innate Abilities, Weirdness & Mutations

You are immune to sickness and miasma.
Your stone body is resilient. (AC +3)
You are immune to poison.
You resist negative energy. (rN+)
You are resistant to electric shocks. (rElec)
You are resistant to unholy torment.
You are immune to petrification.


Message History

Terence hits you with a +0 flail!
You climb upwards.
There is a stone staircase leading down here.
Unknown command.
Unknown command.
Casting: Sandblast (safe; 3% risk of failure)
Confirm with . or Enter, or press ? or * to list all spells.
Aiming: Sandblast (safe; 3% risk of failure)
Press: ? - help, Shift-Dir - straight line, f - Terence
Aim: Terence, wielding a +0 flail and wearing a +0 scale mail (82% to hit)
The blast of sand hits Terence but does no damage.
Terence hits you with a +0 flail.
Unknown command.
Casting: Sandblast (safe; 3% risk of failure)
Confirm with . or Enter, or press ? or * to list all spells.
Aiming: Sandblast (safe; 3% risk of failure)
Press: ? - help, Shift-Dir - straight line, f/p - Terence
Aim: Terence, wielding a +0 flail and wearing a +0 scale mail (82% to hit)
The blast of sand hits Terence but does no damage.
Terence barely misses you.
Unknown command.
Casting: Sandblast (safe; 3% risk of failure)
Confirm with . or Enter, or press ? or * to list all spells.
Aiming: Sandblast (safe; 3% risk of failure)
Press: ? - help, Shift-Dir - straight line, f/p - Terence
Aim: Terence, wielding a +0 flail and wearing a +0 scale mail (82% to hit)
The blast of sand hits Terence!
Terence is moderately wounded.
Terence closely misses you.
Unknown command.
Casting: Sandblast (safe; 3% risk of failure)
Confirm with . or Enter, or press ? or * to list all spells.
Aiming: Sandblast (safe; 3% risk of failure)
Press: ? - help, Shift-Dir - straight line, f/p - Terence
Aim: Terence, wielding a +0 flail and wearing a +0 scale mail (moderately wounded, 82% to hit)
You miscast Sandblast.
You are very lightly contaminated with residual magic.
Nothing appears to happen.
Terence hits you with a +0 flail!
Ouch! That really hurt!
You die...

######### ##.....#.. #####
#######......... #...#
#............... #...######
#............... #........#
#...............
#........###...............
#......<..@@...............
#........###............... #
###........###>..............
#####.........................#..
......#.......................###
##########.......#.............#.
############........#####........
....................# #.........
####...####......##.# #..)......


You could see Terence.

Vanquished Creatures
  3 dart slugs (D:1)
  2 ball pythons (D:1)
  5 endoplasms
  2 giant cockroaches (D:1)
  4 goblins
  3 hobgoblins (D:1)
  3 quokkas
  2 bats (D:2)
  2 frilled lizards
  3 kobolds (D:2)
  3 rats
32 creatures vanquished.

Vanquished Creatures (others)
  3 fungi (D:2)
  2 plants (D:2)
5 creatures vanquished.

Grand Total: 37 creatures vanquished

Notes
Turn   | Place    | Note
-------+----------+-------------------------------------------
     0 | D:1      | jbcfe the Gargoyle Earth Elementalist began the quest for
                  | the Orb.
     0 | D:1      | Reached XP level 1. HP: 10/10 MP: 3/3
   210 | D:1      | Reached skill level 4 in Earth Magic
   210 | D:1      | Reached XP level 2. HP: 15/15 MP: 0/5
  1011 | D:1      | Reached XP level 3. HP: 17/19 MP: 6/6
  1024 | D:1      | Learned a level 3 spell: Stone Arrow
  1373 | D:1      | Found Rimonk Omigg's Distillery.
  1531 | D:1      | Bought a potion of heal wounds for 55 gold pieces
  2091 | D:2      | Found a faded altar of an unknown god.
  2196 | D:3      | Noticed Terence
  2205 | D:2      | Slain by Terence

Illustrated notes

Levels and vault maps discovered:
D:1:      minmay_arrival_doors, layout_rooms, serial_shops, nicolae_square_shop
D:2:      layout_rooms, shapermc_ecumenical_altar_ellora
D:3:      layout_rooms, mainiacjoe_overflow_alcove_2,
          mainiacjoe_overflow_small_starburst, amcnicky_altar_gilded,
          uniq_grinder, uniq_terence, uniq_crazy_yiuf_cottage, uniq_jessica

Skill      XL: |  1 |
---------------+----+-----
Earth Magic    | 4 |  4.5
Dodging        | |  1.5
Stealth        | |  2.1
Spellcasting   | |  2.8
Conjurations   | |  0.7
Transmutations | |  0.7

Action                   || total
-------------------------++-------
Melee: Unarmed           ||     4
       Rapier            ||    76
 Cast: Sandblast         ||    15
  Use: Scroll            ||     2
 Stab: Sleeping          ||     4
Armor: Robe              ||    27
Dodge: Dodged            ||    55

Table legend: (Time is in decaauts)
 A = Elapsed time spent in this place.
 B = Non-inter-level travel time spent in this place.
 C = Inter-level travel time spent in this place.
 D = Time resting spent in this place.
 E = Time spent auto-exploring this place.
 F = Levels seen in this place.
 G = Mean time per level.
                   A        B        C        D        E       F      G
               +--------+--------+--------+--------+--------+-----+--------+
         Total |   2219 |   2187 |     32 |    156 |   1654 |   3 |  739.7 |
       Dungeon |   2219 |   2187 |     32 |    156 |   1654 |   3 |  739.7 |
               +--------+--------+--------+--------+--------+-----+--------+

Top non-repeatable levels by time:
     D:1: 1642 daAuts
     D:2: 575 daAuts
     D:3: 1 daAuts
